 Dungeon Crawl Stone Soup version 0.17-a0-802-g1f09329 (webtiles) character file.

378 oplop the Digger (level 6, -2/32 HPs)
             Began as a Gargoyle Earth Elementalist on Apr 26, 2015.
             Killed by nerve-wracking pain
             ... invoked by an orc priest
              (6 damage)
             ... on level 3 of the Dungeon.
             The game lasted 00:08:04 (3103 turns).

oplop the Digger (Gargoyle Earth Elementalist)      Turns: 3103, Time: 00:08:04

Health: -2/32      AC:  9    Str: 13    XL:     6   Next: 74%
Magic:  10/12      EV: 12    Int: 16    God:
Gold:   156        SH:  0    Dex: 10    Spells: 3 memorised, 7 levels left

rFire  + . .     SeeInvis .     x - +0 flail
rCold  . . .     Clarity  .     t - +2 robe {Archmagi}
rNeg   + . .     SustAb   .     (no shield)
rPois  ∞         Gourm    .     (no helmet)
rElec  +         Spirit   .     e - +0 cloak
rCorr  .         Warding  .     (no gloves)
rMut   .         Stasis   .     (no boots)
MR     .....                    (no amulet)
Stlth  ++........               (no ring)
                                w - ring of protection from fire

@: not resistant to hostile enchantments, unstealthy
A: negative energy resistance 1, electricity resistance, unbreathing,
petrification resistance, rot immunity, AC +4
a: no special abilities


You were on level 3 of the Dungeon.
You were not hungry.

You visited 1 branch of the dungeon, and saw 3 of its levels.

You collected 156 gold pieces.

Inventory:

Hand weapons
 x - a +0 flail (weapon)
Missiles
 a - 127 stones (quivered)
Armour
 b - a +0 robe
 e - a +0 cloak (worn)
 h - a +0 large shield
 p - a +3 ring mail of magic resistance
 r - a +1 ring mail of fire resistance
 s - a +0 helmet
 t - a +2 robe of the Archmagi (worn)
 u - a +0 shield
Jewellery
 w - a ring of protection from fire (left hand)
Scrolls
 i - 2 scrolls of identify
 n - 4 scrolls of enchant weapon
Potions
 j - a potion of lignification {unknown}
 k - a potion of poison {unknown}
 q - 2 potions of heal wounds {unknown}
 v - a potion of ambrosia {unknown}
Books
 c - a book of Geomancy

   Spells                             Type                      Level
   a - Sandblast                      Earth                        1
   b - Stoneskin                      Transmutation/Earth          2
   c - Passwall                       Transmutation/Earth          3
   d - Stone Arrow                    Conjuration/Earth            3
   e - Petrify                        Transmutation/Earth          4
   f - Lee's Rapid Deconstruction     Earth                        5
 m - a book of Hinderance

   Spells                             Type                      Level
   a - Confusing Touch                Hexes                        2
   b - Confuse                        Hexes                        3
   c - Gell's Gravitas                Hexes/Translocation          3
   d - Petrify                        Transmutation/Earth          4
   e - Metabolic Englaciation         Hexes/Ice                    5
   f - Summon Mana Viper              Hexes/Summoning              5
Comestibles
 d - 2 bread rations


   Skills:
 + Level 1.4 Maces & Flails
 + Level 1.9 Armour
 - Level 1.5 Dodging
 - Level 2.1 Stealth
 * Level 4.1 Spellcasting
 - Level 0.7 Transmutations
 * Level 6.5 Earth Magic


You had 7 spell levels left.
You knew the following spells:

 Your Spells              Type           Power        Failure   Level  Hunger
a - Sandblast             Erth           #####.       1%          1    None
b - Stoneskin             Trmt/Erth      ###.....     8%          2    ##.....
c - Stone Arrow           Conj/Erth      ###...       14%         3    ###....


Dungeon Overview and Level Annotations

Branches:
Dungeon (3/15)

Altars:


Innate Abilities, Weirdness & Mutations

You are resistant to torment.
Your stone body is resilient (AC +4).
You are immune to poison.
You resist negative energy.
You are resistant to electric shocks.
You can survive without breathing.
You are immune to petrification.
You are immune to rotting.


Message History

Casting: Sandblast
Confirm with . or Enter, or press ? or * to list all spells.
Aiming: Sandblast
Press: ? - help, Shift-Dir - straight line, f - orc
Aim: an orc, wielding a mace You feel a surge of power!
The blast of sand hits the orc.
You kill the orc!
The orc priest invokes the aid of Beogh against you.
Something smites you!
* * * LOW HITPOINT WARNING * * *
Casting: Sandblast
Confirm with . or Enter, or press ? or * to list all spells.
Aiming: Sandblast
Press: ? - help, Shift-Dir - straight line, f - orc priest
Aim: an orc priest, wielding a hand axe and wearing a leather armour You feel a surge of power!
The blast of sand hits the orc priest.
The orc priest is severely wounded.
The orc priest mumbles some strange prayers to Beogh against you.
Pain shoots through your body!
You die...

...#.).......###.##.########.####
####.........###.##.# #.#...
#........[.##.##.# #.#.##
#.......)#.##)##.. ..#
#.(......#)##.######## ###
#........#.##(....$...
#........#.##.########
..........#.##.# ..########..#@#
. ##.#)# ..o# #... #... ##>..
#... #.... #..


You could see an orc priest.

Vanquished Creatures
  Sigmund (D:3)
  An orc priest (D:3)
  Ijyb (D:3)
  Jessica (D:3)
  Terence (D:2)
  3 adders
  2 oozes (D:1)
  A worm (D:2)
  3 giant geckos
  3 orcs (D:3)
  A ball python (D:1)
  6 bats
  7 giant cockroaches
  10 hobgoblins
  4 giant newts
  8 goblins
  3 jackals (D:1)
  9 kobolds
  A quokka zombie (D:3)
  7 rats
73 creatures vanquished.

Notes
Turn   | Place    | Note
--------------------------------------------------------------
     0 | D:1      | oplop, the Gargoyle Earth Elementalist, began the quest for the Orb.
     0 | D:1      | Reached XP level 1. HP: 10/10 MP: 3/3
    97 | D:1      | Reached skill level 4 in Earth Magic
    97 | D:1      | Reached XP level 2. HP: 4/15 MP: 3/5
   476 | D:1      | Reached XP level 3. HP: 11/19 MP: 2/6
  1539 | D:2      | Reached skill level 5 in Earth Magic
  1740 | D:2      | Reached XP level 4. HP: 24/24 MP: 8/8
  2051 | D:2      | Noticed Terence
  2179 | D:2      | Killed Terence
  2266 | D:2      | Learned a level 3 spell: Stone Arrow
  2432 | D:3      | Reached XP level 5. HP: 28/28 MP: 9/9
  2467 | D:3      | Noticed Ijyb
  2544 | D:3      | Killed Ijyb
  2594 | D:3      | Noticed Sigmund
  2606 | D:3      | Killed Sigmund
  2606 | D:3      | Reached skill level 1 in Maces & Flails
  2606 | D:3      | Reached skill level 1 in Armour
  2606 | D:3      | Reached skill level 6 in Earth Magic
  2606 | D:3      | Reached XP level 6. HP: 32/32 MP: 3/11
  2782 | D:3      | Noticed Jessica
  3037 | D:3      | Killed Jessica
  3042 | D:3      | Learned a level 2 spell: Stoneskin
  3103 | D:3      | Killed from afar by an orc priest

Action                   |  1- 3 |  4- 6 || total
-------------------------+-------+-------++-------
Melee: Unarmed           |     7 |       ||     7
       Short sword       |   109 |       ||   109
       Whip              |    16 |    20 ||    36
       Mace              |       |    87 ||    87
       Flail             |       |    16 ||    16
 Cast: Sandblast         |    35 |    50 ||    85
  Use: Scroll            |     4 |       ||     4
       Potion            |     1 |       ||     1
 Stab: Sleeping          |       |     1 ||     1
  Eat: Chunk             |     1 |     2 ||     3
       Beef jerky        |     1 |       ||     1
       Meat ration       |       |     1 ||     1
